 Dungeon Crawl Stone Soup version 0.24.1-1-gd1d2a07e1b (webtiles) character file.

Game seed: 15556288537784842781, levelgen mode: deterministic

238 nightchill the Grave Robber (level 5, -17/39 HPs)
             Began as a Vampire Necromancer on Apr 9, 2020.
             Demolished by an ogre
             ... wielding a +0 giant club
              (18 damage)
             ... on level 4 of the Dungeon.
             The game lasted 00:23:46 (5006 turns).

nightchill the Grave Robber (Vampire Necromancer)   Turns: 5006, Time: 00:23:46

Health: -17/39     AC:  5    Str:  8    XL:     5   Next: 78%
Magic:  0/9        EV: 13    Int: 17    God:
Gold:   196        SH:  0    Dex: 15    Spells: 3/10 levels left

rFire    . . .     SeeInvis +   g - +0 dagger
rCold    . . .     Gourm    .   (no shield)
rNeg     . . .     Faith    .   a - +1 robe
rPois    .         Spirit   .   (helmet restricted)
rElec    .         Reflect  .   m - scarf {cloud immunity}
rCorr    .         Harm     .   (no gloves)
MR       .....                  (no boots)
Stlth    ++........             (no amulet)
HPRegen  0.33/turn              (no ring)
MPRegen  0.11/turn              (no ring)

@: regenerating quickly
A: no food, antennae 1, fangs 3, icy blue scales 1, see invisible, unbreathing,
MP-powered wands
a: Exsanguinate


You were on level 4 of the Dungeon.
You were alive.

You visited 1 branch of the dungeon, and saw 4 of its levels.

You collected 196 gold pieces.

Inventory:

Hand Weapons
 g - a +0 dagger (weapon)
 o - a +0 short sword
 u - a +0 hunting sling
Missiles
 j - 15 poisoned darts (quivered)
 v - 9 sling bullets
 w - 46 stones
Armour
 a - a +1 robe (worn)
 b - a cursed +0 scale mail
 c - a cursed +0 scale mail
 d - a +0 cloak
 l - a +0 cloak
 m - a scarf of cloud immunity (worn)
Magical Staves
 r - an uncursed staff of wizardry
Jewellery
 f - an uncursed amulet of regeneration
Scrolls
 e - 2 scrolls of remove curse {unknown}
 h - a scroll of blinking {unknown}
 i - 2 scrolls of immolation
 k - a scroll of enchant armour
 q - a scroll of teleportation {unknown}
Potions
 n - a potion of lignification {unknown}
 p - a potion of ambrosia {unknown}
 s - 2 potions of degeneration {unknown}
 t - a potion of curing


   Skills:
 + Level 2.3 Fighting
 - Level 2.1 Dodging
 - Level 3.0 Stealth
 + Level 3.2 Spellcasting
 * Level 6.4 Necromancy


You had 3 spell levels left.
You knew the following spells:

 Your Spells              Type           Power        Failure   Level  Hunger
a - Pain                  Necr           ###.         1%          1    N/A
b - Regeneration          Chrm/Necr      ##........   14%         3    N/A
c - Vampiric Draining     Necr           ###.......   3%          3    N/A

Your spell library contained the following spells:

 Spells                   Type           Power        Failure   Level  Hunger
 Animate Skeleton         Necr           N/A          1%          1    N/A
 Animate Dead             Necr           N/A          12%         4    N/A

Dungeon Overview and Level Annotations

Branches:
Dungeon (4/15)
 Temple: D:4-7

Altars:
Elyvilon
Vehumet
Yredelemnul

Annotations:
D:1 exclusion: downstairs
D:2 exclusion: downstairs, Sigmund


Innate Abilities, Weirdness & Mutations

You do not eat.
Your natural rate of healing is unusually fast.
You have razor-sharp teeth.
You have supernaturally acute eyesight. (SInv)
You can survive without breathing.
You have a pair of small antennae on your head.
You are partially covered in icy blue scales. (AC +2)
You expend magic power (3 MP) to strengthen your wands.


Message History

You hit the ogre.
The ogre is almost dead.
The ogre hits you with a +0 giant club!!
Ouch! That really hurt!
* * * LOW HITPOINT WARNING * * *
Casting: Vampiric Draining (safe; 3% risk of failure)
Confirm with . or Enter, or press ? or * to list all spells.
You don't have enough magic to cast that spell.
Unknown command.
Press: ? - help, v - describe, . - travel
Here: an ogre, wielding a +0 giant club (almost dead)
The floor.
Casting: Vampiric Draining (safe; 3% risk of failure)
Confirm with . or Enter, or press ? or * to list all spells.
Aiming: Pain (safe; 1% risk of failure)
Press: ? - help, Shift-Dir - straight line, f/p - ogre
Aim: an ogre, wielding a +0 giant club (almost dead, chance to defeat MR: 83%)
The ogre writhes in agony.
The ogre hits you with a +0 giant club!!
You die...

################
.........>.....#
.########.####.#######
#.##..........
...########.##.#.#######
......O@..#.##.#.#.....#
...######.#.##.#.#.###.#
#.........#.#.# #.#
#....#.####.#.# #.#
#.####.####.#.# #.#
#########......#<# #.#
#.8.8.8.8..#########)#
#..................).#
#%.........#########.#


You could see an ogre.

Vanquished Creatures
  An orc wizard (D:3)
  6 adders
  An ooze (D:3)
  5 worms
  5 dart slugs
  13 orcs
  A ball python (D:3)
  10 bats
  A giant cockroach (D:2)
  10 goblins
  10 hobgoblins
  5 jackals
  4 quokkas
  6 frilled lizards
  13 kobolds
  7 rats
98 creatures vanquished.

Vanquished Creatures (others)
  An orc wizard (D:3)
  A dart slug (D:2)
2 creatures vanquished.

Grand Total: 100 creatures vanquished

Notes
Turn   | Place    | Note
-------+----------+-------------------------------------------
     0 | D:1      | nightchill the Vampire Necromancer began the quest for the
                  | Orb.
     0 | D:1      | Reached XP level 1. HP: 13/13 MP: 3/3
   197 | D:1      | Reached XP level 2. HP: 20/20 MP: 0/5
   964 | D:1      | Reached skill level 1 in Fighting
   964 | D:1      | Reached skill level 5 in Necromancy
  1066 | D:2      | Reached XP level 3. HP: 26/26 MP: 3/6
  1119 | D:2      | Learned a level 3 spell: Regeneration
  1284 | D:2      | HP: 1/26 [orc/+0 hand axe (5)]
  1525 | D:2      | Found a radiant altar of Vehumet.
  1607 | D:2      | Found a faded altar of an unknown god.
  2101 | D:2      | Found a basalt altar of Yredelemnul.
  2155 | D:2      | Found a white marble altar of Elyvilon.
  2216 | D:2      | Learned a level 3 spell: Vampiric Draining
  2672 | D:2      | Reached XP level 4. HP: 31/32 MP: 3/7
  2806 | D:2      | Noticed Sigmund
  3680 | D:3      | Reached skill level 6 in Necromancy
  3680 | D:3      | Reached XP level 5. HP: 16/38 MP: 2/9
  3919 | D:3      | Gained mutation: You have a pair of small antennae on your
                  | head. [potion of mutation]
  3919 | D:3      | Gained mutation: You are partially covered in icy blue
                  | scales. (AC +2) [potion of mutation]
  3919 | D:3      | Gained mutation: You expend magic power (3 MP) to
                  | strengthen your wands. [potion of mutation]
  4703 | D:4      | Noticed a phantom
  4990 | D:4      | Noticed an ogre
  5005 | D:4      | HP: 1/39 [ogre/+0 giant club (21)]
  5006 | D:4      | Demolished by an ogre

Levels and vault maps discovered:
D:1:      psy_arrival_fountain, layout_basic
D:2:      layout_loops_corners, fiery_altar_vehumet, kennysheep_ying_yang,
          chequers_ecumenical_altar_simple_redux, uniq_sigmund
D:3:      layout_basic, first_ration
D:4:      kennysheep_the_goblin_king, layout_basic, kiku_gazebo_pond_becter

Skill      XL: |  1  2  3  4 |
---------------+-------------+-----
Fighting       | 1 2 |  2.3
Necromancy     | 5 6 |  6.4
Spellcasting   | 3 |  3.2
Dodging        | |  2.1
Stealth        | |  3.0

Action                   |  1- 3 |  4- 6 || total
-------------------------+-------+-------++-------
Melee: Unarmed           |     3 |       ||     3
       Dagger            |   193 |   348 ||   541
       Bite              |    29 |    34 ||    63
 Cast: Pain              |    60 |    21 ||    81
       Regeneration      |    13 |    26 ||    39
       Vampiric Draining |     1 |    12 ||    13
  Use: Scroll            |       |     4 ||     4
       Potion            |       |     3 ||     3
 Stab: Sleeping          |     1 |     1 ||     2
       Distracted        |     1 |       ||     1
Armor: Robe              |    29 |    93 ||   122
Dodge: Dodged            |   132 |   290 ||   422
